 Dungeon Crawl Stone Soup version 0.29.1-4-g47bece8355 (webtiles) character file.

Game seed: 14604409798021406071

4216 xsamass the Cleaver (level 10, -3/88 (91) HPs)
             Began as a Hill Orc Berserker on Dec 8, 2022.
             Was an Elder of Trog.
             Slain by a yak (10 damage)
             ... on level 8 of the Dungeon.
             The game lasted 00:44:55 (9799 turns).

xsamass the Cleaver (Hill Orc Berserker)            Turns: 9799, Time: 00:44:56

HP:   -3/88 (91)    AC:  8    Str: 25    XL:     10   Next: 30%
MP:   10/10         EV: 11    Int:  7    God:    Trog [****..]
Gold: 412           SH:  0    Dex: 10    Spells: 9/9 levels left

rFire   . . .      SeeInvis .   g - +4 broad axe of Dithmenos's Hope {vorpal, Fly rCorr}
rCold   . . .      Faith    .   (no shield)
rNeg    . . .      Spirit   .   o - +0 ring mail
rPois   .          Reflect  .   y - +0 helmet
rElec   .          Harm     .   (no cloak)
rCorr   +          Rampage  .   (no gloves)
Will    +....                   (no boots)
Stlth   ..........              (no amulet)
HPRegen 0.24/turn               p - ring of willpower
MPRegen 0.12/turn               (no ring)

@: about to teleport, flying, slowed, lightly drained, very slow
A: no striking features
a: Renounce Religion, Berserk, Trog's Hand, Brothers in Arms


You were on level 8 of the Dungeon.
You worshipped Trog.
Trog was greatly pleased with you.
You visited 2 branches of the dungeon, and saw 10 of its levels.
You also visited: Bailey.

You collected 412 gold pieces.

Inventory:

Hand Weapons
 g - the +4 broad axe of Dithmenos's Hope (weapon) {vorpal, Fly rCorr}
   (You acquired it on level 1 of the Dungeon)

   It inflicts extra damage upon your enemies.
   Fly:       It grants you flight.
   rCorr:     It protects you from acid and corrosion.
Missiles
 i - 64 stones (quivered)
Armour
 b - a +2 robe of positive energy
 l - a +0 helmet
 o - a +0 ring mail (worn)
 y - a +0 helmet (worn)
Jewellery
 p - a ring of willpower (left hand)
 B - a +6 ring of intelligence
Wands
 u - a wand of iceblast (8)
 v - a wand of flame (12)
Scrolls
 f - a scroll of teleportation
 m - a scroll of noise
 q - 2 scrolls of enchant armour
 r - a scroll of torment {unknown}
 A - a scroll of immolation {unknown}
 C - a scroll of brand weapon {unknown}
Potions
 a - 3 potions of flight
 c - a potion of might {unknown}
 d - 3 potions of lignification {unknown}
 e - a potion of magic
 h - a potion of attraction {unknown}
 j - a potion of haste {unknown}
 n - a potion of mutation {unknown}
 s - a potion of ambrosia {unknown}
 w - 7 potions of curing {unknown}
 x - a potion of invisibility {unknown}
 z - a potion of berserk rage {unknown}


   Skills:
 + Level 9.5 Fighting
 * Level 13.8 Axes
 + Level 8.4 Armour
 - Level 1.8 Dodging


You had 9 spell levels left.
You didn't know any spells.
Your spell library contained the following spells:

 Spells                   Type           Power      Damage    Failure   Level
 Ensorcelled Hibernation  Hex/Ice        0%         N/A       69%         2
 Passwall                 Tmut/Erth      0%         N/A       69%         2
 Inner Flame              Hex/Fire       0%         N/A       89%         3
 Swiftness                Air            0%         N/A       89%         3
 Cause Fear               Hex            0%         N/A       100%        4
 Discord                  Hex            0%         N/A       100%        8


Dungeon Overview and Level Annotations

Branches:
Dungeon (9/15)             Temple (1/1) D:7          Bailey (visited)
   Lair: D:8-11         Orc: D:9-12

Altars:
Ashenzari
Cheibriados
Fedhas
Hepliaklqana
Ru
Uskayaw
Vehumet
Yredelemnul
The Shining One

Shops:
D:2 (


Message History

a +0 short sword; 5 poisoned darts; a yak skeleton
There is a stone staircase leading down, spattered with blood here.
Things that are here:
a +0 shortbow; a centaur skeleton
Things that are here:
a +0 halberd; a +0 club
Things that are here:
a +0 scale mail; a +0 spear You start resting.
HP restored.
You start waiting.
Done waiting.
Things that are here:
a +0 halberd; a +0 club You see here a +0 shortbow.
There is a stone staircase leading down, spattered with blood here.
You can't go up here!
You fly downwards.
The orc shouts!
The wight hits you with a +1 morningstar!
You feel drained. The wraith hits you. The yak barely misses you. x2
The yak gores you!
An orc comes into view. It is wielding a +0 club.
The wight hits you with a +1 morningstar!
The wraith hits you! The wraith drains your vigour!
You feel yourself slow down. The yak gores you! The yak closely misses you.
The yak gores you! The yak closely misses you.
There is a stone staircase leading up, spattered with blood here.
The wight closely misses you. The wraith closely misses you.
The yak gores you but does no damage. The yak gores you!
* * * LOW HITPOINT WARNING * * *
The yak gores you!
* * * LOW HITPOINT WARNING * * *
The yak gores you but does no damage.
You fly upwards.
There is a stone staircase leading down, spattered with blood here.
As you read the scroll of teleportation, it crumbles to dust.
You feel strangely unstable. The yak barely misses you.
The yak gores you but does no damage. The yak gores you!
You die...

#######
####.....#########
.............zWY@#
####.###.#.#)###Y#
####.###...#.# #Y#
..))...#.###.# #Y#
####.#.#.# #.# #.#
#.#.#.# #.# #.#
#...#.###.# #†#
###.....#.# #.#
#.....'.# #.#


You could see 4 yaks, a wraith and a wight.

Vanquished Creatures
  Pikel (D:4)
  2 wyverns (D:8)
  5 yaks (D:8)
  A steam dragon (D:8)
  An ice beast (D:6)
  2 orc warriors
  4 sky beasts
  A black bear (D:6)
  2 ogres
  2 centaurs
  A kobold brigand (D:8)
  2 phantoms
  3 bullfrogs
  A necrophage (D:6)
  A gnoll sergeant (D:8)
  2 scorpions (D:6)
  A gnoll bouda (D:6)
  2 hounds
  2 jellies
  3 orc priests
  3 iguanas
  6 orc wizards
  Robin (D:3)
  6 adders
  21 gnolls
  3 shadow imps
  A white imp (D:7)
  2 ufetubi (D:6)
  5 dart slugs
  26 orcs
  5 bats
  4 endoplasms
  5 giant cockroaches
  17 goblins
  15 hobgoblins
  4 jackals (D:1)
  4 ball pythons
  A frilled lizard (D:1)
  5 kobolds
  4 rats
177 creatures vanquished.

Vanquished Creatures (others)
  7 fungi
  13 plants
20 creatures vanquished.

Grand Total: 197 creatures vanquished

Notes
Turn   | Place    | Note
-------+----------+-------------------------------------------
     0 | D:1      | xsamass the Hill Orc Berserker began the quest for the Orb.
     0 | D:1      | Reached XP level 1. HP: 19/19 MP: 1/1
   400 | D:1      | Identified a scroll of acquirement
   400 | D:1      | Acquired the +4 broad axe of Dithmenos's Hope {vorpal, Fly
                  | rCorr}
   574 | D:1      | Reached XP level 2. HP: 27/27 MP: 2/2
   808 | D:1      | Reached XP level 3. HP: 26/33 MP: 3/3
  1006 | D:1      | You are sucked into a shaft and drop 1 floor!
  1657 | D:3      | Noticed Robin
  1668 | D:3      | Reached skill level 5 in Axes
  1678 | D:3      | Killed Robin
  1679 | D:3      | Reached XP level 4. HP: 33/40 MP: 4/4
  1696 | D:3      | Reached ** piety under Trog
  2052 | D:3      | Found a sacrificial altar of Ru.
  2334 | D:4      | Found a hide-covered altar of Uskayaw.
  2590 | D:4      | Reached XP level 5. HP: 30/47 MP: 5/5
  2913 | D:4      | Noticed a lemure
  2913 | D:4      | Noticed a lemure
  2913 | D:4      | Noticed Pikel
  2914 | D:4      | Noticed a lemure
  2968 | D:4      | Noticed a lemure
  2970 | D:4      | Killed Pikel
  2971 | D:4      | Reached skill level 5 in Fighting
  2971 | D:4      | Reached skill level 8 in Axes
  2971 | D:4      | Reached XP level 6. HP: 57/57 MP: 6/6
  2971 | D:4      | Reached XP level 7. HP: 62/62 MP: 7/7
  3593 | D:5      | Entered Level 5 of the Dungeon
  3716 | D:5      | Reached skill level 5 in Armour
  3819 | D:5      | Reached skill level 9 in Axes
  3819 | D:5      | Reached XP level 8. HP: 28/71 MP: 8/8
  5017 | D:2      | Found Osted's Weapon Boutique.
  5033 | D:2      | Reached *** piety under Trog
  5416 | D:6      | Reached skill level 10 in Axes
  6115 | D:6      | Reached XP level 9. HP: 71/79 MP: 9/9
  6293 | D:6      | Reached skill level 11 in Axes
  6971 | D:7      | Found a staircase to the Ecumenical Temple.
  7038 | Temple   | Entered the Ecumenical Temple
  7104 | D:7      | Found a broken altar of Ashenzari.
  7151 | D:7      | Found a flagged portal.
  7159 | D:7      | Reached **** piety under Trog
  7230 | Bailey   | Entered a bailey
  7338 | D:7      | Found a snail-covered altar of Cheibriados.
  8233 | D:8      | Reached skill level 12 in Axes
  8297 | D:8      | Found a hazy altar of Hepliaklqana.
  9237 | D:8      | Found a radiant altar of Vehumet.
  9253 | D:8      | Found a basalt altar of Yredelemnul.
  9291 | D:8      | Reached skill level 13 in Axes
  9291 | D:8      | Reached XP level 10. HP: 51/91 MP: 10/10
  9799 | D:8      | Slain by a yak

Illustrated notes

Levels and vault maps discovered:
D:1:      psy_arrival_fountain, layout_loops_ring, minmay_misc_feat_cross,
          kennysheep_minor_cross
D:2:      minmay_chambers_of_ones, layout_loops_ring, serial_shops,
          nicolae_shop_waterfront
D:3:      layout_loops_cross, nicolae_overflow_crystal_walls, uniq_robin
D:4:      layout_cave_pods, nicolae_uskayaw_dance_hall, uniq_crazy_yiuf_cottage,
          uniq_pikel
D:5:      cheibrodos_helix_gallery, layout_basic, doesnt_xom_only_xom
D:6:      layout_basic
D:7:      layout_loops_corners, mainiacjoe_overflow_boulevard,
          kennysheep_mini_moat, minmay_temple_entry_hall, enter_bailey_3
D:8:      layout_basic, mainiacjoe_overflow_chevrons,
          amethyst_overflow_temple_binary, nicolae_figureground_sparkle
D:9:      layout_cross, lair_entry_dummy, serial_bayou, serial_bayou_lagoon_a,
          serial_bayou_pond_a, serial_bayou_pond_b, serial_bayou_lagoon_b,
          serial_bayou_ford_a
Temple:   minmay_temple_forest_path

Skill      XL: |  1  2  3  4  5  6  7  8  9 10 |
---------------+-------------------------------+-----
Fighting       | 4 5 6 7 9 |  9.5
Axes           | 5 8 9 10 13 | 13.8
Armour         | 3 4 5 6 7 8 |  8.4
Dodging        | |  1.8

Action                   |  1- 3 |  4- 6 |  7- 9 | 10-12 || total
-------------------------+-------+-------+-------+-------++-------
Melee: Hand axe          |    24 |       |       |       ||    24
       Broad axe         |    52 |    47 |   272 |    18 ||   389
       Punch             |       |       |     4 |       ||     4
Throw: Throwing net      |       |     1 |       |       ||     1
Evoke: Wand              |       |     1 |       |       ||     1
  Use: Scroll            |     5 |     4 |     2 |     2 ||    13
       Potion            |     1 |       |       |     1 ||     2
Armor: Leather armour    |    18 |       |       |       ||    18
       Ring mail         |    30 |    18 |   119 |    17 ||   184
Dodge: Dodged            |    81 |    49 |   166 |    21 ||   317
